 Dungeon Crawl Stone Soup version 0.24.0-37-gcf1ca852f1 (webtiles) character file.

Game seed: 1220703456933374012, levelgen mode: deterministic

9367 FishyPogo the Thaumaturge (level 11, -2/81 HPs)
             Began as a Gnoll Wizard on Nov 22, 2019.
             Was an Elder of Wu Jian.
             Slain by an ice beast (19 damage)
             ... summoned by Fannar
             ... on level 10 of the Dungeon.
             The game lasted 00:59:28 (9754 turns).

FishyPogo the Thaumaturge (Gnoll Wizard)            Turns: 9754, Time: 00:59:28

Health: -2/81      AC:  7    Str: 13    XL:     11   Next: 45%
Magic:  9/24       EV: 20    Int: 23    God:    Wu Jian [****..]
Gold:   476        SH:  3    Dex: 16    Spells: 1/29 levels left

rFire    + . .     SeeInvis .   b - +3 flail
rCold    x . .     Gourm    .   (no shield)
rNeg     . . .     Faith    .   o - +0 leather armour
rPois    .         Spirit   .   J - +0 hat
rElec    .         Reflect  +   T - +0 cloak (curse)
rCorr    .         Harm     .   i - +0 pair of gloves
MR       +....                  H - +0 pair of boots
Stlth    ++++......             I - +3 amulet of reflection
HPRegen  0.23/turn              f - ring of Suspicion {Fire MR+ Str+2 Int+3}
MPRegen  0.19/turn              D - +3 ring of evasion

@: no status effects
A: distributed training, fangs 1, strong nose
a: Wall Jump, Serpent's Lash, Renounce Religion


You were on level 10 of the Dungeon.
You worshipped Wu Jian.
Wu Jian was greatly pleased with you.
You were hungry.

You visited 1 branch of the dungeon, and saw 10 of its levels.

You collected 608 gold pieces.
You spent 132 gold pieces at shops.

Inventory:

Hand Weapons
 a - a +2 battleaxe of chopping
 b - a +3 flail (weapon)
 S - a +1 scimitar of flaming
Missiles
 h - 24 boomerangs
 u - 51 poisoned darts (quivered)
 z - 2 datura-tipped darts
 B - 2 atropa-tipped darts
 R - 4 javelins
Armour
 i - a +0 pair of gloves (worn)
 o - a +0 leather armour (worn)
 H - a +0 pair of boots (worn)
 J - a +0 hat (worn)
 L - a +0 scale mail of cold resistance
 O - the +8 plate armour of the Shining One {rF+}
   (You found it on level 8 of the Dungeon)

   It protects you from fire.
 T - a cursed +0 cloak (worn)
Jewellery
 f - the ring of Suspicion (left hand) {Fire MR+ Str+2 Int+3}
   (You found it on level 9 of the Dungeon)

   [ring of fire]

   It enhances your fire magic.
   It affects your strength (+2).
   It affects your intelligence (+3).
   It protects you from fire.
   It makes you vulnerable to cold.
   It affects your resistance to hostile enchantments.
 g - a +2 ring of strength
 k - an uncursed amulet of the acrobat
 C - an uncursed ring of ice
 D - a +3 ring of evasion (right hand)
 I - a +3 amulet of reflection (around neck)
 K - a +3 ring of protection
Wands
 Q - a wand of random effects (10)
 V - a wand of flame (8)
Scrolls
 c - 3 scrolls of immolation
 j - 5 scrolls of remove curse
 m - a scroll of fog
 n - 8 scrolls of identify {unknown}
 q - 2 scrolls of fear
 s - 5 scrolls of teleportation
 x - 2 scrolls of amnesia
 y - a scroll of noise {unknown}
 G - a scroll of enchant armour {unknown}
 N - 2 scrolls of silence {unknown}
 P - a scroll of blinking {unknown}
Potions
 e - 3 potions of heal wounds
 l - a potion of ambrosia {unknown}
 p - a potion of haste
 r - 2 potions of invisibility {unknown}
 t - 2 potions of curing
 v - 2 potions of mutation {unknown}
 w - 4 potions of lignification
 A - 3 potions of flight {unknown}
 E - 2 potions of might {unknown}
 F - 2 potions of degeneration {unknown}
 M - a potion of brilliance {unknown}
Comestibles
 d - 20 rations
 U - 2 chunks of flesh


   Skills:
 + Level 6.2 Fighting
 + Level 6.2 Short Blades
 + Level 6.2 Long Blades
 + Level 6.2 Axes
 + Level 6.2 Maces & Flails
 + Level 6.2 Polearms
 + Level 6.2 Staves
 + Level 6.2 Slings
 + Level 6.2 Bows
 + Level 6.2 Crossbows
 + Level 6.2 Throwing
 + Level 6.2 Armour
 + Level 7.8 Dodging
 + Level 7.5 Stealth
 + Level 6.2 Shields
 + Level 6.2 Unarmed Combat
 + Level 9.5 Spellcasting
 + Level 5.6 Conjurations
 + Level 5.1 Hexes
 + Level 5.1 Charms
 + Level 5.6 Summonings
 + Level 5.1 Necromancy
 + Level 5.6 Translocations
 + Level 5.1 Transmutations
 + Level 5.1 Fire Magic
 + Level 5.1 Ice Magic
 + Level 5.1 Air Magic
 + Level 5.1 Earth Magic
 + Level 5.1 Poison Magic
 + Level 6.8 Invocations
 + Level 6.2 Evocations


You had one spell level left.
You knew the following spells:

 Your Spells              Type           Power        Failure   Level  Hunger
a - Magic Dart            Conj           ####         1%          1    None
b - Slow                  Hex            ####....     1%          2    None
c - Mephitic Cloud        Conj/Pois/Air  #####...     2%          3    None
d - Dazzling Spray        Conj/Hex       #####.       2%          3    None
e - Tukima's Dance        Hex            ####....     2%          3    None
f - Force Lance           Conj/Tloc      #####...     7%          4    ##.....
h - Blink                 Tloc           N/A          1%          2    None
j - Conjure Flame         Conj/Fire      ######..     2%          3    None
l - Summon Lightning Spi  Summ/Air       #####...     8%          4    ##.....
p - Call Imp              Summ           #####...     1%          2    None
z - Apportation           Tloc           #####.       1%          1    None

Your spell library contained the following spells:

 Spells                   Type           Power        Failure   Level  Hunger
 Animate Skeleton         Necr           N/A          1%          1    None
 Confusing Touch          Hex            ####..       1%          1    None
 Corona                   Hex            ####...      1%          1    None
 Summon Small Mammal      Summ           ####         1%          1    None
 Ensorcelled Hibernation  Hex/Ice        ####..       1%          2    None
 Searing Ray              Conj           #####.       1%          2    None
 Call Canine Familiar     Summ           #####...     2%          3    None
 Confuse                  Hex            ####....     2%          3    None
 Summon Guardian Golem    Hex/Summ       #####...     2%          3    None
 Iskenderun's Mystic Bla  Conj           #####...     7%          4    ##.....
 Fulminant Prism          Conj/Hex       #####.....   8%          4    ##.....
 Summon Ice Beast         Ice/Summ       #####...     8%          4    ##.....


Dungeon Overview and Level Annotations

Branches:
Dungeon (10/15)            Temple (0/1) D:5
   Lair: D:8-11         Orc: D:9-12

Altars:
Ashenzari
Kikubaaqudgha
Nemelex Xobeh
Okawaru
Qazlal
Sif Muna
Trog
Wu Jian
Xom
Yredelemnul
The Shining One

Shops:
D:4 *

Annotations:
D:10 Fannar, Sonja


Innate Abilities, Weirdness & Mutations

Your experience applies equally to all skills.
You have very sharp teeth.
Your uncanny sense of smell can sniff out nearby items.


Message History

Your lightning spire cannot move out of your way!
Fannar is engulfed in noxious fumes.
Fannar appears confused.
You sock the ice beast!
The ice beast is moderately wounded.
Fannar is engulfed in noxious fumes.
Fannar appears confused.
The ice beast completely misses you.
You hit Fannar but do no damage.
Fannar is almost dead.
The ice beast misses you.
Casting: Mephitic Cloud (safe; 2% risk of failure)
Confirm with . or Enter, or press ? or * to list all spells.
Aiming: Conjure Flame (safe; 2% risk of failure)
Press: ? - help, Dir - move target cursor, p - Fannar You feel a surge of power!
The fire ignites!
The ice beast misses you.
You spin and attack the ice beast.
You hit the ice beast but do no damage.
The ice beast is moderately wounded.
The ice beast hits you.
* * * LOW HITPOINT WARNING * * *
The ice beast freezes you!!
You feel a terrible chill!
You die...

### #
############8###8###
#...................
#.......Y.e.........
#.......@ยง..........
#........8.#8###8###
#...<......###
##'######### #...###
###...### ######
###...# #####.....
###.# ###...'..... ##
###
####.#####...###.....


You could see Fannar (confused), an ice beast (pinned) and a friendly lightning
spire.

Vanquished Creatures
  3 two-headed ogres
  The ghost of sipior the Digger, a novice TrEE of Vehumet (D:9)
  Erica (D:9)
  A queen bee (D:9)
  2 trolls
  3 hippogriffs
  2 yaks (D:10)
  A hungry ghost (D:7)
  A water moccasin (D:7)
  An orc warrior (D:10)
  A black bear (D:9)
  4 ice beasts
  A sky beast (D:9)
  A hornet zombie (D:10)
  2 necrophages (D:7)
  6 ogres
  A crocodile (D:8)
  2 centaurs
  A big kobold (D:5)
  A bullfrog (D:9)
  3 scorpions
  16 killer bees
  5 howler monkeys
  3 jellies
  A wight (D:7)
  3 crimson imps
  2 bullfrog zombies
  2 quasits
  6 hounds
  2 orc wizards
  3 orc priests
  A bullfrog skeleton (D:8)
  2 iguanas
  6 worker ants
  A killer bee zombie (D:5)
  A centaur simulacrum (D:9)
  A bullfrog simulacrum (D:9)
  A hound zombie (D:6)
  2 mummies (D:7)
  Robin (D:2)
  A howler monkey skeleton (D:9)
  7 gnolls (D:6)
  9 adders
  3 shadow imps
  3 white imps
  An adder skeleton (D:8)
  A worm (D:2)
  5 leopard geckos
  13 orcs
  9 giant cockroaches
  20 goblins
  12 hobgoblins
  5 jackals
  12 kobolds
  7 quokkas
  8 bats
  5 frilled lizards
  A jackal zombie (D:7)
  A leopard gecko zombie (D:7)
  A quokka zombie (D:9)
  13 rats
235 creatures vanquished.

Vanquished Creatures (collateral kills)
  A two-headed ogre (D:9)
  An ice devil (D:9)
  3 yaks (D:10)
  A wyvern (D:10)
  3 ice beasts (D:9)
  A necrophage (D:10)
  Blork the orc (D:4)
  2 killer bees (D:9)
  3 howler monkeys
  A crimson imp (D:6)
  An orc wizard (D:10)
  Natasha (D:4)
  2 adders
  A leopard gecko (D:4)
  An orc (D:5)
  2 kobolds (D:5)
  A quokka skeleton (D:4)
26 creatures vanquished.

Vanquished Creatures (others)
  A kobold (D:3)
1 creature vanquished.

Grand Total: 262 creatures vanquished

Notes
Turn   | Place    | Note
-------+----------+-------------------------------------------
     0 | D:1      | FishyPogo the Gnoll Wizard began the quest for the Orb.
     0 | D:1      | Reached XP level 1. HP: 13/13 MP: 8/8
    94 | D:1      | Reached XP level 2. HP: 9/19 MP: 0/10
   258 | D:1      | Learned a level 2 spell: Blink
   261 | D:1      | Learned a level 2 spell: Call Imp
   264 | D:1      | Learned a level 2 spell: Slow
   505 | D:1      | Reached XP level 3. HP: 22/25 MP: 9/11
   850 | D:1      | Learned a level 3 spell: Conjure Flame
   854 | D:1      | Learned a level 3 spell: Mephitic Cloud
   996 | D:2      | Reached skill level 1 in Invocations
  1100 | D:2      | Reached skill level 1 in Fighting
  1100 | D:2      | Reached skill level 1 in Short Blades
  1100 | D:2      | Reached skill level 1 in Long Blades
  1100 | D:2      | Reached skill level 1 in Axes
  1100 | D:2      | Reached skill level 1 in Maces & Flails
  1100 | D:2      | Reached skill level 1 in Polearms
  1100 | D:2      | Reached skill level 1 in Staves
  1100 | D:2      | Reached skill level 1 in Slings
  1100 | D:2      | Reached skill level 1 in Bows
  1100 | D:2      | Reached skill level 1 in Crossbows
  1100 | D:2      | Reached skill level 1 in Throwing
  1100 | D:2      | Reached skill level 1 in Armour
  1100 | D:2      | Reached skill level 1 in Shields
  1100 | D:2      | Reached skill level 1 in Unarmed Combat
  1100 | D:2      | Reached skill level 1 in Evocations
  1141 | D:2      | Reached XP level 4. HP: 27/32 MP: 2/13
  1151 | D:2      | Noticed Robin
  1231 | D:2      | Killed Robin
  1362 | D:2      | Reached skill level 1 in Hexes
  1362 | D:2      | Reached skill level 1 in Charms
  1362 | D:2      | Reached skill level 1 in Necromancy
  1362 | D:2      | Reached skill level 1 in Transmutations
  1362 | D:2      | Reached skill level 1 in Fire Magic
  1362 | D:2      | Reached skill level 1 in Ice Magic
  1362 | D:2      | Reached skill level 1 in Air Magic
  1362 | D:2      | Reached skill level 1 in Earth Magic
  1362 | D:2      | Reached skill level 1 in Poison Magic
  1407 | D:2      | Noticed a moth of wrath
  1409 | D:2      | Found a bloodstained altar of Trog.
  1799 | D:3      | Reached XP level 5. HP: 37/37 MP: 14/14
  1980 | D:3      | Found an ornate altar of the Wu Jian Council.
  2016 | D:3      | Became a worshipper of the Wu Jian Council
  2134 | D:3      | Found a basalt altar of Yredelemnul.
  2139 | D:3      | Found a glowing golden altar of the Shining One.
  2453 | D:3      | Noticed an angel
  2491 | D:4      | Found Ypseicoo's General Store.
  2515 | D:4      | Bought a potion of lignification for 36 gold pieces
  2515 | D:4      | Bought a potion of heal wounds for 60 gold pieces
  2515 | D:4      | Bought a scroll of teleportation for 36 gold pieces
  2645 | D:4      | Learned a level 3 spell: Dazzling Spray
  2683 | D:4      | Learned a level 1 spell: Animate Skeleton
  2685 | D:4      | Learned a level 1 spell: Apportation
  2778 | D:4      | Noticed Blork the orc
  2792 | D:4      | Killed Blork the orc
  2847 | D:4      | Reached XP level 6. HP: 25/44 MP: 3/16
  2938 | D:4      | Noticed Natasha
  2942 | D:4      | Killed Natasha
  3010 | D:4      | Noticed an ice beast
  3223 | D:4      | Killed an ice beast
  3223 | D:4      | Reached skill level 5 in Dodging
  3456 | D:5      | Entered Level 5 of the Dungeon
  3574 | D:5      | Reached XP level 7. HP: 41/50 MP: 9/18
  3580 | D:5      | Found a staircase to the Ecumenical Temple.
  3734 | D:5      | Reached * piety under Wu Jian
  4560 | D:6      | Found a shattered altar of Ashenzari.
  4828 | D:6      | Reached skill level 5 in Stealth
  5358 | D:7      | Reached XP level 8. HP: 54/57 MP: 13/19
  5655 | D:7      | Noticed a hippogriff
  5675 | D:7      | HP: 1/58 [hippogriff (6)]
  5677 | D:7      | Killed a hippogriff
  5677 | D:7      | Reached skill level 8 in Spellcasting
  6075 | D:7      | Reached XP level 9. HP: 65/65 MP: 9/21
  6537 | D:8      | Noticed a two-headed ogre
  6539 | D:8      | Reached ** piety under Wu Jian
  6572 | D:8      | Killed a two-headed ogre
  6743 | D:8      | Reached skill level 5 in Invocations
  6896 | D:8      | Got an ichor-stained plate armour
  6979 | D:8      | Identified the +8 plate armour of the Shining One {rF+}
                  | (You found it on level 8 of the Dungeon)
  7099 | D:8      | Noticed a two-headed ogre
  7121 | D:8      | Killed a two-headed ogre
  7121 | D:8      | Reached XP level 10. HP: 42/73 MP: 5/22
  7272 | D:8      | Found a shimmering altar of Xom.
  7274 | D:8      | Found a sacrificial altar of Ru.
  7274 | D:8      | Found a basalt altar of Yredelemnul.
  7282 | D:8      | Found an ornate altar of the Wu Jian Council.
  7282 | D:8      | Found a shimmering blue altar of Sif Muna.
  7282 | D:8      | Found a snail-covered altar of Cheibriados.
  7391 | D:9      | Reached skill level 5 in Fighting
  7391 | D:9      | Reached skill level 5 in Short Blades
  7391 | D:9      | Reached skill level 5 in Long Blades
  7391 | D:9      | Reached skill level 5 in Axes
  7391 | D:9      | Reached skill level 5 in Maces & Flails
  7391 | D:9      | Reached skill level 5 in Polearms
  7391 | D:9      | Reached skill level 5 in Staves
  7391 | D:9      | Reached skill level 5 in Slings
  7391 | D:9      | Reached skill level 5 in Bows
  7391 | D:9      | Reached skill level 5 in Crossbows
  7391 | D:9      | Reached skill level 5 in Throwing
  7391 | D:9      | Reached skill level 5 in Armour
  7391 | D:9      | Reached skill level 5 in Shields
  7391 | D:9      | Reached skill level 5 in Unarmed Combat
  7391 | D:9      | Reached skill level 5 in Evocations
  7403 | D:9      | Found a shattered altar of Ashenzari.
  7490 | D:9      | Learned a level 4 spell: Summon Lightning Spire
  7588 | D:9      | Noticed sipior's ghost (novice TrEE)
  7769 | D:9      | Reached skill level 9 in Spellcasting
  7934 | D:9      | Found a runed translucent gate.
  7935 | D:9      | Found a runed translucent gate.
  7936 | D:9      | Found a runed translucent gate.
  8099 | D:9      | Reached skill level 5 in Conjurations
  8099 | D:9      | Reached skill level 5 in Summonings
  8099 | D:9      | Reached skill level 5 in Translocations
  8152 | D:9      | Reached *** piety under Wu Jian
  8244 | D:9      | Killed sipior's ghost
  8348 | D:9      | Got the ring of Suspicion {Fire}
  8534 | D:9      | Noticed a two-headed ogre
  8541 | D:9      | Killed a two-headed ogre
  8541 | D:9      | Reached XP level 11. HP: 71/81 MP: 8/24
  8586 | D:9      | Noticed Erica
  8594 | D:9      | Learned a level 3 spell: Tukima's Dance
  8599 | D:9      | Learned a level 4 spell: Force Lance
  8600 | D:9      | Identified the ring of Suspicion {Fire MR+ Str+2 Int+3}
                  | (You found it on level 9 of the Dungeon)
  8612 | D:9      | Killed Erica
  8812 | D:9      | Found a faded altar of an unknown god.
  8812 | D:9      | Found a sparkling altar of Nemelex Xobeh.
  8817 | D:9      | Found a shimmering blue altar of Sif Muna.
  8819 | D:9      | Found an iron altar of Okawaru.
  8820 | D:9      | Found a faded altar of an unknown god.
  8889 | D:9      | Found an ancient bone altar of Kikubaaqudgha.
  8889 | D:9      | Found a stormy altar of Qazlal.
  8906 | D:10     | Entered Level 10 of the Dungeon
  8967 | D:10     | Noticed Sonja
  9065 | D:10     | Reached skill level 5 in Hexes
  9065 | D:10     | Reached skill level 5 in Charms
  9065 | D:10     | Reached skill level 5 in Necromancy
  9065 | D:10     | Reached skill level 5 in Transmutations
  9065 | D:10     | Reached skill level 5 in Fire Magic
  9065 | D:10     | Reached skill level 5 in Ice Magic
  9065 | D:10     | Reached skill level 5 in Air Magic
  9065 | D:10     | Reached skill level 5 in Earth Magic
  9065 | D:10     | Reached skill level 5 in Poison Magic
  9097 | D:10     | Noticed a two-headed ogre
  9113 | D:10     | Killed a two-headed ogre
  9377 | D:10     | Reached **** piety under Wu Jian
  9592 | D:10     | Noticed Fannar
  9754 | D:10     | Slain by an ice beast

Levels and vault maps discovered:
D:1:      dpeg_arrival_water_temple_mockup, layout_loops_ring
D:2:      layout_rooms, tgw_trog, uniq_robin
D:3:      layout_loops_ring, grunt_temple_overflow_holy_war,
          lemuel_doored_altar, first_ration, kennysheep_generic_room_7
D:4:      minmay_thick_lines, layout_basic, serial_shops,
          nicolae_shop_window_shopping, uniq_natasha, uniq_blork_the_orc
D:5:      layout_layer_cave, minmay_temple_entry_waves
D:6:      layout_gridville, old_standard_altar, minmay_fire_ice_demons
D:7:      layout_basic, serial_undead, serial_undead_f, serial_undead_e,
          serial_undead_e, serial_undead_d, serial_undead_a
D:8:      layout_rooms, doesnt_xom_only_xom
D:9:      layout_small_grid, amethyst_overflow_temple_binary,
          chequers_temple_overflow_minitemple, gammafunk_ghost_icy,
          david_nohive_1, chequers_serial_rivers_micro_e,
          nicolae_ashenzari_panopticon, uniq_erica
D:10:     layout_roguey, serial_corexii_hall, corexii_hall_statues_l,
          chequers_hall_statues_y, chequers_hall_statues_y,
          corexii_hall_statues_x, corexii_hall_statues_i,
          chequers_hall_statues_corner_a, minmay_joined_circles, uniq_sonja,
          uniq_fannar

Skill      XL: |  1  2  3  4  5  6  7  8  9 10 11 |
---------------+----------------------------------+-----
Conjurations   | 2 3 4 5 |  5.6
Summonings     | 2 3 4 5 |  5.6
Translocations | 2 3 4 5 |  5.6
Invocations    | 1 2 3 4 5 6 |  6.8
Fighting       | 1 2 3 4 5 6 |  6.2
Short Blades   | 1 2 3 4 5 6 |  6.2
Long Blades    | 1 2 3 4 5 6 |  6.2
Axes           | 1 2 3 4 5 6 |  6.2
Maces & Flails | 1 2 3 4 5 6 |  6.2
Polearms       | 1 2 3 4 5 6 |  6.2
Staves         | 1 2 3 4 5 6 |  6.2
Slings         | 1 2 3 4 5 6 |  6.2
Bows           | 1 2 3 4 5 6 |  6.2
Crossbows      | 1 2 3 4 5 6 |  6.2
Throwing       | 1 2 3 4 5 6 |  6.2
Armour         | 1 2 3 4 5 6 |  6.2
Shields        | 1 2 3 4 5 6 |  6.2
Unarmed Combat | 1 2 3 4 5 6 |  6.2
Evocations     | 1 2 3 4 5 6 |  6.2
Hexes          | 1 2 3 4 5 |  5.1
Charms         | 1 2 3 4 5 |  5.1
Necromancy     | 1 2 3 4 5 |  5.1
Transmutations | 1 2 3 4 5 |  5.1
Fire Magic     | 1 2 3 4 5 |  5.1
Ice Magic      | 1 2 3 4 5 |  5.1
Air Magic      | 1 2 3 4 5 |  5.1
Earth Magic    | 1 2 3 4 5 |  5.1
Poison Magic   | 1 2 3 4 5 |  5.1
Dodging        | 5 6 7 |  7.8
Stealth        | 5 6 7 |  7.5
Spellcasting   | 8 9 |  9.5

Action                   |  1- 3 |  4- 6 |  7- 9 | 10-12 || total
-------------------------+-------+-------+-------+-------++-------
Melee: Dagger            |    49 |    44 |       |       ||    93
       Bite              |     3 |    12 |    19 |    21 ||    55
       Rapier            |       |    42 |       |       ||    42
       Battleaxe         |       |    13 |   150 |       ||   163
       Flail             |       |       |     9 |   231 ||   240
       Punch             |       |       |       |     6 ||     6
Throw: Dart              |       |       |       |     2 ||     2
 Cast: Magic Dart        |    66 |    52 |   142 |   134 ||   394
       Mephitic Cloud    |     2 |     8 |    11 |    21 ||    42
       Call Imp          |       |    16 |    14 |     1 ||    31
       Slow              |       |     2 |     1 |     5 ||     8
       Dazzling Spray    |       |     4 |     4 |       ||     8
       Conjure Flame     |       |     2 |    12 |     7 ||    21
       Summon Lightning  |       |       |       |    22 ||    22
       Blink             |       |       |       |     1 ||     1
Invok: Lunge             |       |     5 |    12 |    19 ||    36
       Whirlwind         |       |       |     1 |    31 ||    32
  Use: Potion            |       |       |     1 |     1 ||     2
       Scroll            |       |       |     5 |     3 ||     8
 Stab: Sleeping          |     1 |     5 |     2 |     2 ||    10
       Confused          |       |     2 |     3 |    13 ||    18
       Distracted        |       |       |       |     1 ||     1
  Eat: Chunk             |     1 |     6 |    13 |     9 ||    29
Armor: Robe              |    10 |    10 |       |       ||    20
       Leather armour    |       |     2 |    22 |    38 ||    62
       Scale mail        |       |       |     1 |       ||     1
Dodge: Dodged            |    39 |    78 |   171 |   244 ||   532
Block: Other             |       |       |    19 |    26 ||    45
       Reflection        |       |       |       |     1 ||     1
